TOP OF THE 1ST |
Birmingham Barons batting - Pitching for Akron RubberDucks : LHP Manny Trump
|
Pitching: LHP Manny Trump
|
|
Batting: RHB Ron Johansen
|
0-0: Ball 1-0: Ball 2-0: Foul Ball, location: 2F 2-1: Called Strike 2-2: Strikes out looking
|
Batting: SHB Veit Geisler
|
0-0: Called Strike 0-1: Called Strike 0-2: Strikes out swinging
|
Batting: LHB Carlos Ramirez
|
0-0: Ball 1-0: Foul Ball, location: 2F 1-1: Swinging Strike 1-2: Foul Ball, location: 2F 1-2: Ball 2-2: Strikes out swinging
|
Top of the 1st over - 0 runs, 0 hits, 0 errors, 0 left on base; Birmingham 0 - Akron 0 |
BOTTOM OF THE 1ST |
Akron RubberDucks batting - Pitching for Birmingham Barons : RHP Cody Walsh
|
Pitching: RHP Cody Walsh
|
|
Batting: RHB Mitch Boyd
|
0-0: Swinging Strike 0-1: Swinging Strike 0-2: Ball 1-2: Ball 2-2: Foul Ball, location: 2F 2-2: Strikes out swinging, 2-3 out at first.
|
Batting: SHB Jarrod Lindblad
|
0-0: Ball 1-0: Foul Ball, location: 2F 1-1: Foul Ball, location: 2F 1-2: Ball 2-2: Ball 3-2: DOUBLE (Flyball, 8LXD, EV 108.8 MPH)
|
Batting: RHB Tristan Wright
|
0-0: Ball 1-0: Foul Ball, location: 2F 1-1: Foul Ball, location: 2F 1-2: Ball 2-2: Strikes out swinging
|
Batting: LHB Costodio Varino
|
0-0: Foul Ball, location: 2F 0-1: Called Strike 0-2: Ground out U3 (Groundball, 3, EV 90.0 MPH)
|
Bottom of the 1st over - 0 runs, 1 hit, 0 errors, 1 left on base; Birmingham 0 - Akron 0 |
TOP OF THE 2ND |
Birmingham Barons batting - Pitching for Akron RubberDucks : LHP Manny Trump
|
Batting: RHB Danny Heikkila
|
0-0: Ball 1-0: Ground out 4-3 (Groundball, 4, EV 93.1 MPH)
|
Batting: LHB Matt Hyde
|
0-0: Called Strike 0-1: SINGLE (Line Drive, 8LS, EV 113.1 MPH)
|
Batting: RHB Jose Medina
|
0-0: Ball 1-0: Grounds into double play, 4-6-3 (Groundball, 4, EV 85.0 MPH)
|
Top of the 2nd over - 0 runs, 1 hit, 0 errors, 0 left on base; Birmingham 0 - Akron 0 |
BOTTOM OF THE 2ND |
Akron RubberDucks batting - Pitching for Birmingham Barons : RHP Cody Walsh
|
Batting: LHB Stu Sornson
|
0-0: Swinging Strike 0-1: Ball 1-1: Swinging Strike 1-2: Strikes out swinging
|
Batting: RHB Adam McMillen
|
0-0: Called Strike 0-1: Called Strike 0-2: Fly out, F4 (Popup, 4MD, EV 55.6 MPH)
|
Batting: SHB Edwin Dominguez
|
0-0: Ball 1-0: Ball 2-0: Ground out 4-3 (Groundball, 4, EV 88.8 MPH)
|
Bottom of the 2nd over - 0 runs, 0 hits, 0 errors, 0 left on base; Birmingham 0 - Akron 0 |
TOP OF THE 3RD |
Birmingham Barons batting - Pitching for Akron RubberDucks : LHP Manny Trump
|
Batting: LHB Joe Kirkland
|
0-0: Swinging Strike 0-1: Called Strike 0-2: Ball 1-2: Foul Ball, location: 2F 1-2: Ball 2-2: Strikes out looking
|
Batting: LHB Herkko Haavikko
|
0-0: Called Strike 0-1: Swinging Strike 0-2: Strikes out swinging
|
Batting: RHB Trevor Conklin
|
0-0: Called Strike 0-1: SINGLE (Groundball, 34D, EV 103.1 MPH)
|
Batting: RHB Ron Johansen
|
0-0: Ball 1-0: Foul Ball, location: 2F 1-1: Ball 2-1: Foul Ball, location: 2F 2-2: SINGLE (Groundball, 3D, EV 96.9 MPH) Trevor Conklin to second Runner from 2nd tries for 3rd, SAFE, throw by RF made to third
|
Batting: SHB Veit Geisler
|
0-0: Ball 1-0: Ball 2-0: Called Strike 2-1: Reached on error, E2 (Groundball, 15S, EV 66.9 MPH) Trevor Conklin scores Ron Johansen to second
|
Batting: LHB Carlos Ramirez
|
0-0: SINGLE (Groundball, 25, EV 71.9 MPH) (infield hit) Ron Johansen to third Veit Geisler to second
|
Batting: RHB Danny Heikkila
|
0-0: Swinging Strike 0-1: Called Strike 0-2: Ball 1-2: Ball 2-2: Foul Ball, location: 2F 2-2: Fielders Choice at 2nd, 6-4 (Groundball, 56, EV 85.6 MPH)
|
Top of the 3rd over - 1 run, 3 hits, 1 error, 3 left on base; Birmingham 1 - Akron 0 |
BOTTOM OF THE 3RD |
Akron RubberDucks batting - Pitching for Birmingham Barons : RHP Cody Walsh
|
Batting: RHB Jason Harris
|
0-0: Ball 1-0: Ground out 5-3 (Groundball, 56, EV 100.0 MPH)
|
Batting: RHB Kenzo Shinoda
|
0-0: Foul Ball, location: 2F 0-1: SINGLE (Flyball, 78S, EV 86.9 MPH)
|
Batting: RHB Mitch Boyd
|
0-0: Ball 1-0: Ball Kenzo Shinoda is caught stealing 2nd base 2-4 2-0: Ball 3-0: Called Strike 3-1: Called Strike 3-2: SINGLE (Groundball, P, EV 92.5 MPH) (infield hit)
|
Batting: SHB Jarrod Lindblad
|
0-0: Called Strike 0-1: Called Strike 0-2: Strikes out looking
|
Bottom of the 3rd over - 0 runs, 2 hits, 0 errors, 1 left on base; Birmingham 1 - Akron 0 |
TOP OF THE 4TH |
Birmingham Barons batting - Pitching for Akron RubberDucks : LHP Manny Trump
|
Batting: LHB Matt Hyde
|
0-0: Ball 1-0: Ball 2-0: Ball 3-0: Foul Ball, location: 2F 3-1: Called Strike 3-2: Strikes out swinging
|
Batting: RHB Jose Medina
|
0-0: Ball 1-0: SOLO HOME RUN (Flyball, 7D, EV 94.4 MPH), Distance : 375 ft
|
Batting: LHB Joe Kirkland
|
0-0: Ball 1-0: Called Strike 1-1: Ground out 4-3 (Groundball, 34D, EV 111.2 MPH)
|
Batting: LHB Herkko Haavikko
|
0-0: Foul Ball, location: 2F 0-1: Hit by Pitch
|
Batting: RHB Trevor Conklin
|
0-0: Ball 1-0: Ground out 4-3 (Groundball, 34D, EV 111.2 MPH)
|
Top of the 4th over - 1 run, 1 hit, 0 errors, 1 left on base; Birmingham 2 - Akron 0 |
BOTTOM OF THE 4TH |
Akron RubberDucks batting - Pitching for Birmingham Barons : RHP Cody Walsh
|
Batting: RHB Tristan Wright
|
0-0: Called Strike 0-1: Swinging Strike 0-2: Ball 1-2: Foul Ball, location: 2F 1-2: Ball 2-2: Ground out 6-3 (Groundball, 6MD, EV 93.8 MPH)
|
Batting: LHB Costodio Varino
|
0-0: Called Strike 0-1: Called Strike 0-2: Ball 1-2: Foul Ball, location: 2F 1-2: Foul Ball, location: 2F 1-2: Foul Ball, location: 2F 1-2: Ball 2-2: Strikes out swinging
|
Batting: LHB Stu Sornson
|
0-0: Foul Ball, location: 2F 0-1: Ball 1-1: Foul Ball, location: 2F 1-2: Ball 2-2: Ball 3-2: SINGLE (Groundball, 3D, EV 94.4 MPH)
|
Batting: RHB Adam McMillen
|
0-0: Called Strike Stu Sornson steals 2nd base 0-1: Called Strike 0-2: Ball 1-2: Fly out, F7 (Flyball, 7D, EV 87.5 MPH)
|
Bottom of the 4th over - 0 runs, 1 hit, 0 errors, 1 left on base; Birmingham 2 - Akron 0 |
TOP OF THE 5TH |
Birmingham Barons batting - Pitching for Akron RubberDucks : LHP Manny Trump
|
Batting: RHB Ron Johansen
|
0-0: Swinging Strike 0-1: Foul Ball, location: 2F 0-2: Foul Ball, location: 2F 0-2: Strikes out swinging
|
Batting: SHB Veit Geisler
|
0-0: Fly out, F9 (Flyball, 9LD, EV 83.8 MPH)
|
Batting: LHB Carlos Ramirez
|
0-0: Swinging Strike 0-1: Foul Ball, location: 2F 0-2: Ball 1-2: Ball 2-2: Foul Ball, location: 2F 2-2: Foul Ball, location: 2F 2-2: Ball 3-2: Fly out, F8 (Flyball, 8LD, EV 88.8 MPH)
|
Top of the 5th over - 0 runs, 0 hits, 0 errors, 0 left on base; Birmingham 2 - Akron 0 |
BOTTOM OF THE 5TH |
Akron RubberDucks batting - Pitching for Birmingham Barons : RHP Cody Walsh
|
Batting: SHB Edwin Dominguez
|
0-0: Ball 1-0: Ball 2-0: SINGLE (Groundball, 34D, EV 111.2 MPH)
|
Batting: RHB Jason Harris
|
0-0: Ball 1-0: Swinging Strike 1-1: Ball 2-1: Ball 3-1: Base on Balls Edwin Dominguez to second
|
Batting: RHB Kenzo Shinoda
|
0-0: Ball 1-0: Ball Passed Ball! Edwin Dominguez to third Jason Harris to second 2-0: Called Strike 2-1: Swinging Strike 2-2: Ball 3-2: Base on Balls
|
Batting: RHB Mitch Boyd
|
0-0: Ball 1-0: Ball 2-0: Fly out, F7 (Flyball, 7D, EV 78.8 MPH) Runner from 3rd tags up, OUT at HOME! 7-2 Jason Harris to third Kenzo Shinoda to second
|
Batting: SHB Jarrod Lindblad
|
0-0: Ball 1-0: Ball 2-0: Called Strike 2-1: Ball 3-1: Swinging Strike 3-2: Fly out, F8 (Line Drive, 78D, EV 93.1 MPH)
|
Bottom of the 5th over - 0 runs, 1 hit, 0 errors, 2 left on base; Birmingham 2 - Akron 0 |
TOP OF THE 6TH |
Birmingham Barons batting - Pitching for Akron RubberDucks : LHP Manny Trump
|
Batting: RHB Danny Heikkila
|
0-0: Ball 1-0: Ball 2-0: Called Strike 2-1: Called Strike 2-2: Strikes out swinging
|
Batting: LHB Matt Hyde
|
0-0: Called Strike 0-1: Ball 1-1: Foul Ball, location: 2F 1-2: Strikes out looking
|
Batting: RHB Jose Medina
|
0-0: Called Strike 0-1: Called Strike 0-2: Ball 1-2: Ball 2-2: Foul Ball, location: 2F 2-2: Fly out, F8 (Flyball, 8LM, EV 83.8 MPH)
|
Top of the 6th over - 0 runs, 0 hits, 0 errors, 0 left on base; Birmingham 2 - Akron 0 |
BOTTOM OF THE 6TH |
Akron RubberDucks batting - Pitching for Birmingham Barons : RHP Cody Walsh
|
Pitching: RHP Jose Vigil
|
|
Batting: RHB Tristan Wright
|
0-0: Called Strike 0-1: Swinging Strike 0-2: Ground out 4-3 (Groundball, 4, EV 111.2 MPH)
|
Batting: LHB Costodio Varino
|
0-0: Ball 1-0: SOLO HOME RUN (Flyball, 9D, EV 96.2 MPH), Distance : 363 ft
|
Batting: LHB Stu Sornson
|
0-0: Ball 1-0: Ball 2-0: Called Strike 2-1: Ball 3-1: Base on Balls
|
Batting: RHB Adam McMillen
|
0-0: Ball Stu Sornson steals 2nd base 1-0: Ball 2-0: Ball 3-0: Called Strike 3-1: Called Strike 3-2: Base on Balls
|
Batting: SHB Edwin Dominguez
|
0-0: Ball 1-0: Ball 2-0: Called Strike 2-1: Swinging Strike 2-2: SINGLE (Groundball, 34D, EV 98.1 MPH) Stu Sornson to third Adam McMillen to second Runner from 3rd tries for Home, SAFE, throw by RF to home
|
Batting: RHB Jason Harris
|
0-0: Called Strike 0-1: Ball 1-1: SINGLE (Line Drive, 9S, EV 110.6 MPH) Adam McMillen to third Edwin Dominguez to second Runner from 3rd tries for Home, SAFE, throw by RF to home
|
Batting: RHB Kenzo Shinoda
|
0-0: SINGLE (Groundball, 56S, EV 71.2 MPH) (infield hit) Edwin Dominguez to third Jason Harris to second
|
Pinch Hitting: LHB Nick Welling
|
0-0: Ball 1-0: SINGLE (Flyball, 78S, EV 97.5 MPH) Edwin Dominguez scores Jason Harris to third Kenzo Shinoda to second
|
Pitching: LHP James Reynolds
|
|
Batting: SHB Jarrod Lindblad
|
0-0: Foul Ball, location: 2F 0-1: Ball 1-1: Foul Ball, location: 2F 1-2: Ball 2-2: SINGLE (Groundball, 6, EV 96.9 MPH) (infield hit) Jason Harris scores Kenzo Shinoda to third Nick Welling to second
|
Batting: RHB Tristan Wright
|
0-0: Foul Ball, location: 2F 0-1: Ball 1-1: Called Strike 1-2: Fly out, F9 (Flyball, 9, EV 76.2 MPH) Runner from 3rd tags up, SCORES, throw by RF Nick Welling to third
|
Batting: LHB Costodio Varino
|
0-0: Fly out, F8 (Flyball, 78S, EV 86.2 MPH)
|
Bottom of the 6th over - 6 runs, 6 hits, 0 errors, 2 left on base; Birmingham 2 - Akron 6 |
TOP OF THE 7TH |
Birmingham Barons batting - Pitching for Akron RubberDucks : LHP Manny Trump
|
Now at 2B: Javon Mitchell
|
|
Batting: LHB Joe Kirkland
|
0-0: Foul Ball, location: 2F 0-1: Called Strike 0-2: Foul Ball, location: 2F 0-2: Ball 1-2: Ball 2-2: Ball 3-2: DOUBLE (Line Drive, 78D, EV 105.6 MPH)
|
Batting: LHB Herkko Haavikko
|
0-0: Ball 1-0: Called Strike 1-1: Swinging Strike 1-2: Ball 2-2: Strikes out looking
|
Batting: RHB Trevor Conklin
|
0-0: Foul Ball, location: 2F 0-1: DOUBLE (Line Drive, 7LM, EV 106.2 MPH) Joe Kirkland scores
|
Batting: RHB Ron Johansen
|
0-0: Ball 1-0: SINGLE (Groundball, 34D, EV 101.2 MPH) Trevor Conklin to third
|
Batting: SHB Veit Geisler
|
0-0: Ball 1-0: Ball 2-0: Foul Ball, location: 2F 2-1: Swinging Strike 2-2: Strikes out looking Ron Johansen is caught stealing 2nd base 2-4 Batter strikes out.
|
Top of the 7th over - 1 run, 3 hits, 0 errors, 1 left on base; Birmingham 3 - Akron 6 |
BOTTOM OF THE 7TH |
Akron RubberDucks batting - Pitching for Birmingham Barons : LHP James Reynolds
|
Batting: LHB Stu Sornson
|
0-0: Swinging Strike 0-1: Foul Ball, location: 2F 0-2: Ball 1-2: DOUBLE (Groundball, 3L, EV 98.1 MPH)
|
Batting: RHB Adam McMillen
|
0-0: Sac Bunt to 2R - play at first, batter OUT! 2-3 Stu Sornson to third
|
Batting: SHB Edwin Dominguez
|
0-0: Swinging Strike 0-1: Foul Ball, location: 2F 0-2: Ball 1-2: Foul Ball, location: 2F 1-2: Ball 2-2: Strikes out swinging
|
Batting: RHB Jason Harris
|
0-0: Intentional Walk
|
Batting: RHB Kenzo Shinoda
|
0-0: Called Strike 0-1: Ball 1-1: Ball 2-1: Ball 3-1: Called Strike 3-2: Foul Ball, location: 2F 3-2: Foul Ball, location: 2F 3-2: Base on Balls Jason Harris to second
|
Pitching: LHP William Garcia
|
|
Batting: SHB Javon Mitchell
|
0-0: Ball 1-0: Ball 2-0: Ball 3-0: Called Strike 3-1: Called Strike 3-2: Base on Balls Stu Sornson scores Jason Harris to third Kenzo Shinoda to second
|
Batting: SHB Jarrod Lindblad
|
0-0: Ball 1-0: Called Strike 1-1: Ball 2-1: Ball 3-1: Foul Ball, location: 2F 3-2: SINGLE (Groundball, 34D, EV 95.0 MPH) Jason Harris scores Kenzo Shinoda to third Javon Mitchell to second Kenzo Shinoda scores Javon Mitchell to third
|
Batting: RHB Tristan Wright
|
0-0: Called Strike 0-1: Called Strike 0-2: Fielders Choice at 2nd, 5-4 (Groundball, 56, EV 76.9 MPH)
|
Bottom of the 7th over - 3 runs, 2 hits, 0 errors, 2 left on base; Birmingham 3 - Akron 9 |
TOP OF THE 8TH |
Birmingham Barons batting - Pitching for Akron RubberDucks : LHP Manny Trump
|
Batting: LHB Carlos Ramirez
|
0-0: Called Strike 0-1: Swinging Strike 0-2: Foul Ball, location: 2F 0-2: Ball 1-2: Strikes out swinging
|
Pitching: RHP Jim Averette
|
|
Batting: RHB Danny Heikkila
|
0-0: Ball 1-0: Ball 2-0: Ball 3-0: Called Strike 3-1: Called Strike 3-2: Foul Ball, location: 2F 3-2: Fly out, F8 (Flyball, 8LS, EV 87.5 MPH)
|
Batting: LHB Matt Hyde
|
0-0: Ground out 4-3 (Groundball, 4D, EV 88.1 MPH)
|
Top of the 8th over - 0 runs, 0 hits, 0 errors, 0 left on base; Birmingham 3 - Akron 9 |
BOTTOM OF THE 8TH |
Akron RubberDucks batting - Pitching for Birmingham Barons : LHP William Garcia
|
Batting: LHB Costodio Varino
|
0-0: Called Strike 0-1: Ball 1-1: Ball 2-1: SINGLE (Line Drive, 5D, EV 103.1 MPH)
|
Batting: LHB Stu Sornson
|
0-0: Called Strike 0-1: Foul Ball, location: 2F 0-2: Ball 1-2: Strikes out looking
|
Batting: RHB Adam McMillen
|
0-0: Fly out, F8 (Flyball, 8RD, EV 91.2 MPH)
|
Batting: SHB Edwin Dominguez
|
0-0: Called Strike 0-1: Called Strike 0-2: Foul Ball, location: 2F 0-2: Strikes out looking
|
Bottom of the 8th over - 0 runs, 1 hit, 0 errors, 1 left on base; Birmingham 3 - Akron 9 |
TOP OF THE 9TH |
Birmingham Barons batting - Pitching for Akron RubberDucks : RHP Jim Averette
|
Batting: RHB Jose Medina
|
0-0: Called Strike 0-1: Ball 1-1: Ball 2-1: Foul Ball, location: 2F 2-2: Ground out 6-3 (Groundball, 6, EV 85.0 MPH)
|
Batting: LHB Joe Kirkland
|
0-0: Ball 1-0: Ball 2-0: Foul Ball, location: 2F 2-1: Ball 3-1: Fly out, F8 (Flyball, 89D, EV 95.0 MPH)
|
Batting: LHB Herkko Haavikko
|
0-0: Ball 1-0: Ball 2-0: Ground out 6-3 (Groundball, 6M, EV 101.9 MPH)
|
Top of the 9th over - 0 runs, 0 hits, 0 errors, 0 left on base; Birmingham 3 - Akron 9 |
|